 Dungeon Crawl Stone Soup version 0.16-a0-3641-g71d4c1b (webtiles) character file.

658 apostateCourier the Inquisitive (level 7, 0/56 HPs)
             Began as a Demonspawn Gladiator on Feb 13, 2015.
             Was a Follower of Pakellas.
             Succumbed to a scorpion's poison
             ... on level 4 of the Dungeon.
             The game lasted 00:15:16 (3858 turns).

apostateCourier the Inquisitive (DsGl)              Turns: 3858, Time: 00:15:16

Health: 0/56       AC:  7    Str: 16    XL:     7   Next: 29%
Magic:  0/12       EV: 11    Int:  8    God:    Pakellas [*.....]
Gold:   267        SH:  0    Dex: 14    Spells: 0 memorised, 6 levels left

rFire  . . .     SeeInvis .     a - +0 trident
rCold  + . .     Clarity  .     p - +0 ring mail {rPois}
rNeg   . . .     SustAb   +     (no shield)
rPois  +         Gourm    .     c - +0 helmet
rElec  .         Spirit   +     (no cloak)
rCorr  .         Warding  .     (no gloves)
rMut   .         Stasis   .     (no boots)
MR     .....                    (no amulet)
Stlth  ..........               (no ring)
                                l - ring of sustain abilities

@: lethally poisoned, not resistant to hostile enchantments, extremely
unstealthy
A: claws 1, hooves 1, rugged brown scales 1, cold resistance 1, deterioration 1,
dopey 1, robust 1, magic shield
a: Minor Device Surge, Renounce Religion


You were on level 4 of the Dungeon.
You worshipped Pakellas.
Pakellas was aware of your devotion.
You were not hungry.

You visited 1 branch of the dungeon, and saw 4 of its levels.

You collected 267 gold pieces.

Inventory:

Hand weapons
 a - a +0 trident (weapon)
Missiles
 d - 3 throwing nets (quivered)
Armour
 b - a +0 leather armour
 c - a +0 helmet (worn)
 p - a +0 ring mail of poison resistance (worn)
Jewellery
 l - a ring of sustain abilities (left claw)
 r - an uncursed ring of fire
 v - an uncursed amulet of faith
 w - an uncursed ring of ice
Magical devices
 i - a wand of fireball (0)
 k - a wand of random effects (11)
 u - a wand of enslavement (1)
Scrolls
 g - a scroll of remove curse
 j - a scroll of fog
 m - a scroll of teleportation
 s - a scroll of fear {unknown}
Potions
 e - 4 potions of restore abilities
Comestibles
 f - 2 bread rations


   Skills:
 - Level 2.0 Fighting
 - Level 3.9 Polearms
 - Level 1.7 Throwing
 - Level 2.6 Dodging
 + Level 4.9 Unarmed Combat
 + Level 4.9 Evocations


You had 6 spell levels left.
You didn't know any spells.

Dungeon Overview and Level Annotations

Branches:
Dungeon (4/15)
 Temple: D:4-7

Altars:
Fedhas
Pakellas


Innate Abilities, Weirdness & Mutations

You have sharp fingernails.
You are partially covered in rugged brown scales (AC +1, +3% HP).
Your flesh is cold resistant.
When hurt, damage is shared between your health and your magic reserves.
You have large cloven feet.
Your body is slowly deteriorating.
You are dopey. (Int -2)
You are robust (+10% HP).


Message History

A worker ant comes into view.
* * * LOW HITPOINT WARNING * * *
You feel sick.
You are too injured to fight recklessly!
You hit the worker ant. Your kick misses the worker ant.
The worker ant is lightly wounded.
* * * LOW HITPOINT WARNING * * *
You feel sick. The worker ant bites you.
* * * LOW HITPOINT WARNING * * *
You closely miss the worker ant. Your kick misses the worker ant.
The worker ant is lightly wounded.
* * * LOW HITPOINT WARNING * * *
You feel sick.
The worker ant bites you but does no damage.
The worker ant bites you.
Unknown command.
You hit the worker ant but do no damage.
You kick the worker ant, but do no damage.
The worker ant is lightly wounded.
You die...

## #. ### #. ......#.######
#.<.@....# ###a####.# ... #.# .#
####################.########.##
..........>....................
####.#####.######.##.#######..###
#...............#.##.# #..#..
#.##.#####.####.#.##.#######..#..
#.##.#####......#.##.##...##..#..


You could see a worker ant.

Vanquished Creatures
  The ghost of mdk the Twirler, an average GrGl of Pakellas (D:4)
  2 phantoms (D:4)
  A scorpion (D:4)
  An orc priest (D:3)
  2 orc wizards (D:4)
  Robin (D:4)
  5 adders
  6 worms
  A giant gecko (D:1)
  An ooze (D:1)
  5 orcs
  A giant cockroach (D:4)
  4 hobgoblins
  8 kobolds
  2 quokkas
  11 bats
  6 giant newts
  15 goblins
  9 jackals
  A jackal skeleton (D:4)
  7 rats
90 creatures vanquished.

Vanquished Creatures (others)
  A hobgoblin (D:4)
  A goblin (D:4)
2 creatures vanquished.

Grand Total: 92 creatures vanquished

Notes
Turn   | Place    | Note
--------------------------------------------------------------
     0 | D:1      | apostateCourier, the Demonspawn Gladiator, began the quest for the Orb.
     0 | D:1      | Reached XP level 1. HP: 16/16 MP: 1/1
   145 | D:1      | Reached skill level 3 in Polearms
   220 | D:1      | Gained mutation: You are partially covered in rugged brown scales (AC +1, +3% HP). [demonic ancestry]
   220 | D:1      | Reached XP level 2. HP: 11/22 MP: 2/2
  1027 | D:2      | Gained mutation: You have sharp fingernails. [demonic ancestry]
  1027 | D:2      | Reached XP level 3. HP: 27/27 MP: 3/3
  1278 | D:2      | Reached skill level 1 in Unarmed Combat
  1543 | D:2      | Reached XP level 4. HP: 33/33 MP: 4/4
  1697 | D:2      | Reached skill level 1 in Evocations
  2576 | D:3      | Gained mutation: When hurt, damage is shared between your health and your magic reserves. [demonic ancestry]
  2576 | D:3      | Reached XP level 5. HP: 39/39 MP: 6/6
  2819 | D:4      | Found an oddly glowing altar of Pakellas.
  2837 | D:4      | Became a worshipper of Pakellas the Inventive
  2849 | D:4      | Found a blossoming altar of Fedhas.
  2909 | D:4      | Gained mutation: You are dopey. (Int -2) [potion of mutation]
  2909 | D:4      | Gained mutation: You are robust (+10% HP). [potion of mutation]
  2909 | D:4      | Gained mutation: You have large cloven feet. [potion of mutation]
  2910 | D:4      | Gained mutation: You are weak. (Str -2) [potion of mutation]
  2910 | D:4      | Gained mutation: Your body is slowly deteriorating. [potion of mutation]
  2910 | D:4      | Lost mutation: You are weak. (Str -2) [potion of mutation]
  2974 | D:4      | Noticed a phantom
  2995 | D:4      | Killed a phantom
  3008 | D:4      | Noticed a phantom
  3024 | D:4      | Killed a phantom
  3024 | D:4      | Reached XP level 6. HP: 49/49 MP: 9/9
  3078 | D:4      | Noticed Robin
  3085 | D:4      | Noticed mdk's ghost (average GrGl)
  3100 | D:4      | Killed Robin
  3100 | D:4      | Reached skill level 4 in Unarmed Combat
  3592 | D:4      | Killed mdk's ghost
  3592 | D:4      | Gained mutation: Your flesh is cold resistant. [demonic ancestry]
  3592 | D:4      | Reached XP level 7. HP: 27/56 MP: 8/12
  3802 | D:4      | Acquired Pakellas' first power
  3856 | D:4      | HP: 1/56 [worker ant (2)]
  3858 | D:4      | Succumbed to a scorpion's poison

Action                   |  1- 3 |  4- 6 |  7- 9 || total
-------------------------+-------+-------+-------++-------
Melee: Trident           |   141 |   240 |    19 ||   400
Throw: Throwing net      |     3 |       |       ||     3
Evoke: Wand              |       |    26 |     9 ||    35
  Use: Scroll            |     5 |     5 |       ||    10
       Potion            |     1 |     9 |       ||    10
 Stab: Paralysed         |       |     7 |       ||     7
       Confused          |       |     1 |       ||     1
  Eat: Chunk             |     2 |     4 |       ||     6
       Pizza             |       |     1 |       ||     1
       Bread ration      |       |     1 |       ||     1
